 Dungeon Crawl Stone Soup version 0.29-a0-334-gb41bcbb86e (webtiles) character file.

Game seed: 6628720562721733060

1854 zeratav the Martial Artist (level 9, -3/61 HPs)
             Began as an Octopode Transmuter on Apr 14, 2022.
             Was an Initiate of Ashenzari.
             Slain by a seven-headed hydra (4 damage)
             ... on level 7 of the Dungeon.
             The game lasted 00:21:46 (7974 turns).

zeratav the Martial Artist (Octopode Transmuter)    Turns: 7974, Time: 00:21:47

Health: -3/61      AC:  5    Str: 10    XL:     9   Next: 12%
Magic:  12/12      EV: 15    Int: 15    God:    Ashenzari [......]
Gold:   560        SH:  0    Dex: 16    Spells: 8/12 levels left

rFire   . . .      SeeInvis .   t - +3 spear {polearm}
rCold   . . .      Faith    .   (no shield)
rNeg    . . .      Spirit   .   s - +0 hat
rPois   .          Reflect  .   (no amulet)
rElec   .          Harm     .   i - ring of willpower
rCorr   .          Rampage  .   q - +4 ring of protection
Will    +....                   (no ring)
Stlth   ++++......              (no ring)
HPRegen 0.20/turn               (no ring)
MPRegen 0.13/turn               (no ring)
                                (no ring)
                                (no ring)

@: about to teleport
A: almost no armour, amphibious, 8 rings, camouflage 1, gelatinous body 1,
(nimble swimmer 1), tentacles
a: Renounce Religion, Curse Item


You were on level 7 of the Dungeon.
You worshipped Ashenzari.
Ashenzari was noncommittal.
You visited 2 branches of the dungeon, and saw 8 of its levels.
You also visited: Sewer.

You collected 560 gold pieces.


Innate Abilities, Weirdness & Mutations

You cannot wear most types of armour.
You are amphibious.
You can wear up to eight rings at the same time.
Your skin changes colour to match your surroundings (Stealth+).
Your rubbery body absorbs attacks. (AC +1, EV +1)
((You are camouflaged when in or above water. (Stealth+)))
You have tentacles for arms and can constrict up to eight enemies at once.


   Skills:
 + Level 5.0 Fighting
 + Level 5.5 Dodging
 - Level 5.0 Stealth
 * Level 8.0 Unarmed Combat
 - Level 2.0 Spellcasting
 + Level 3.0 Transmutations
 + Level 2.1 Ice Magic


You had 8 spell levels left.
You knew the following spells:

 Your Spells              Type           Power      Damage    Failure   Level
a - Beastly Appendage     Tmut           20%        N/A       6%          1
b - Spider Form           Tmut/Pois      6%         N/A       34%         3

Your spell library contained the following spells:

 Spells                   Type           Power      Damage    Failure   Level
 Freeze                   Ice            32%        1d5       9%          1
 Wereblood                Tmut           10%        N/A       10%         2
 Frozen Ramparts          Ice            16%        1d3       26%         3
 Dazzling Flash           Conj/Hex       2%         N/A       54%         3
 Gell's Gravitas          Tloc           1%         N/A       54%         3
 Teleport Other           Tloc           1%         N/A       54%         3
 Ice Form                 Ice/Tmut       9%         N/A       58%         4
 Hailstorm                Conj/Ice       4%         3d4       80%         4
 Agony                    Necr           1%         N/A       99%         5
 Silence                  Hex/Air        0%         N/A       99%         5
 Summon Forest            Summ/Tloc      0%         N/A       99%         5
 Summon Mana Viper        Hex/Summ       1%         N/A       99%         5
 Dispersal                Tloc           0%         N/A       100%        6
 Summon Cactus Giant      Summ           0%         N/A       100%        6

Inventory:

Hand Weapons
 b - a +0 dagger of speed {short}
   (You found it on level 1 of the Dungeon)
 r - a +0 hand crossbow {crossbow}
   (You took it off a kobold on level 4 of the Dungeon)
 t - a +3 spear (weapon) {polearm}
   (You found it on level 5 of the Dungeon)
Armour
 s - a +0 hat (worn)
   (You found it on level 4 of the Dungeon)
Jewellery
 i - a ring of willpower (left tentacle)
   (You found it on level 4 of the Dungeon)
 q - a +4 ring of protection (right tentacle)
   (You found it on level 4 of the Dungeon)
Wands
 a - a wand of acid (6)
   (You found it on level 6 of the Dungeon)
 m - a wand of digging (4)
   (You found it on level 2 of the Dungeon)
 o - a wand of flame (26)
   (You found it on level 3 of the Dungeon)
 z - a wand of iceblast (7)
   (You found it on level 6 of the Dungeon)
Scrolls
 d - 2 scrolls of enchant weapon
 k - a scroll of summoning
 l - a scroll of teleportation {@r4}
 u - a scroll of holy word {unknown}
 v - 5 scrolls of fog {unknown}
 x - 2 scrolls of fear {unknown}
 y - a scroll of immolation {unknown}
 B - a scroll of vulnerability {!r!r}
 C - a scroll of magic mapping {unknown}
Potions
 c - 3 potions of curing {unknown}
 e - a potion of cancellation {unknown}
 f - 2 potions of lignification {!q}
 g - a potion of heal wounds {unknown}
 h - 6 potions of flight
 j - 3 potions of magic {unknown}
 n - a potion of ambrosia {unknown}
 p - a potion of might
 w - 2 potions of mutation {!q}
 A - 2 potions of brilliance {unknown}

Dungeon Overview and Level Annotations

Branches:
Dungeon (7/15)             Temple (1/1) D:5           Sewer (visited)

Altars:
Ashenzari
Cheibriados
Gozag
Kikubaaqudgha
Makhleb
Okawaru
Sif Muna
Trog
Vehumet
Wu Jian
Xom
Yredelemnul
Zin
The Shining One

Shops:
D:6 ?

Annotations:
D:3 Sigmund
D:4 2 transporters

#......###
#.....<..#
#####....####
####.#####
##[#....# #.#
#.####.# #.# #(#
#.## #.# ..#
#..### #.# ###
##...## #.#
###D.# #.#
##@### #.#
#...## #.#
###..## #.#
##..# ##)### >
##.###)...#
....###...)....#
........###....#
.........##...)#
..........######


You could see a seven-headed hydra.


Message History

MP[+1]
You hit the centaur.
You kill the centaur!
Your transformation is almost over.
Your Transmutations skill increases to level 3!
Things that are here:
a +0 shortbow {bow}; a centaur corpse MP[+1]
Your transformation has ended.
Your +3 spear {polearm} unmelds from your body.
Your +0 hat unmelds from your body.
Things that are here:
a +0 ring mail; a +0 spear {polearm}; a gnoll skeleton MP[+1]
A shadow imp comes into view.
MP[+1]
Your mp is fully restored (12).
The shadow imp shouts!
You hear a bark!
The shadow imp closely misses you.
You hit the shadow imp. You grab the shadow imp.
You squeeze the shadow imp, but do no damage.
You constrict the shadow imp, but do no damage.
A hound comes into view.
The hound barely misses you. The shadow imp barely misses you.
You hit the shadow imp.
Your tentacle-slap misses the shadow imp.
You constrict the shadow imp. The hound barely misses you.
The shadow imp barely misses you. The hound misses you.
Casting: Spider Form (dangerous; 34% risk of failure)
Confirm with . or Enter, or press ? or * to list all spells.
You turn into a venomous arachnid creature.
Your +3 spear {polearm} melds into your body.
Your +0 hat melds into your body.
You lose your grip on the shadow imp.
The hound closely misses you.
The shadow imp hits you but does no damage.
MP[-3]
You lost 3 mp, and now have 9/12 mp.
You hit the shadow imp but do no damage.
The hound stops to sniff the ground.
The hound bites you. The shadow imp barely misses you.
HP[-4]
You take 4 damage, and now have 57/61 hp.
You barely miss the shadow imp. The hound completely misses you.
The shadow imp completely misses you. The hound bites you but does no damage.
HP[+1]
You hit the hound but do no damage.
The hound is poisoned.
The hound completely misses you.
You barely miss the hound.
Your transformation is almost over.
The shadow imp hits you but does no damage.
The hound bites you but does no damage.
A seven-headed hydra comes into view.
The seven-headed hydra roars!
You hit the shadow imp but do no damage.
The hound misses you. The shadow imp hits you.
HP[-4]
You take 4 damage, and now have 54/61 hp.
You bite the shadow imp!
You kill the shadow imp!
The hound barely misses you. The hound completely misses you.
Your Unarmed Combat skill increases to level 8!
The hound looks more healthy.
HP[+1]
You hit the hound.
The hound is poisoned.
The hound barely misses you. The hound closely misses you.
MP[+1]
You bite the hound!
You kill the hound!
A gnoll comes into view. It is wielding a +0 spear.
The gnoll moves out of view.
HP[+1]
Your transformation has ended.
Your +3 spear {polearm} unmelds from your body.
Your +0 hat unmelds from your body.
MP[+1] HP[+1] HP[+1] MP[+1]
Your mp is fully restored (12).
Things that are here:
a +0 ring mail; a +0 spear {polearm}; a gnoll skeleton The seven-headed hydra attacks as you move away!
The seven-headed hydra bites you!
The seven-headed hydra closely misses you.
The seven-headed hydra bites you. The seven-headed hydra bites you!
The seven-headed hydra barely misses you.
The seven-headed hydra bites you but does no damage.
The seven-headed hydra bites you!
* * * LOW HITPOINT WARNING * * *
HP[-35]
You take 35 damage, and now have 23/61 hp.
MASSIVE DAMAGE!! (PAUSE)
As you read the scroll of teleportation {@r4}, it crumbles to dust.
You feel strangely unstable. The seven-headed hydra bites you!
* * * LOW HITPOINT WARNING * * *
The seven-headed hydra bites you!
* * * LOW HITPOINT WARNING * * *
The seven-headed hydra bites you.
You die...

Skill      XL: |  1  2  3  4  5  6  7  8  9 |
---------------+----------------------------+-----
Stealth        | 1 2 3 4 5 |  5.0
Unarmed Combat | 4 5 6 7 8 |  8.0
Fighting       | 2 3 4 5 |  5.0
Dodging        | 3 4 5 |  5.5
Ice Magic      | 1 2 |  2.1
Transmutations | 3 |  3.0
Spellcasting   | |  2.0

Action                   |  1- 3 |  4- 6 |  7- 9 || total
-------------------------+-------+-------+-------++-------
Melee: Dagger            |    67 |    98 |     8 ||   173
       Constrict         |    17 |    19 |    24 ||    60
       Kick              |    18 |    16 |       ||    34
       Unarmed           |     2 |     9 |   128 ||   139
       Tentacles         |    10 |    23 |    20 ||    53
       Punch             |     1 |     3 |     4 ||     8
       Spear             |       |       |   100 ||   100
 Cast: Beastly Appendage |    23 |    19 |       ||    42
       Spider Form       |       |     3 |    32 ||    35
  Use: Scroll            |       |     4 |     2 ||     6
 Stab: Sleeping          |     7 |     8 |     9 ||    24
Armor: Skin              |     5 |     1 |    41 ||    47
Dodge: Dodged            |    21 |    34 |   188 ||   243

Levels and vault maps discovered:
D:1:      giann_forest_graveyard, layout_loops_ring, basic_ecumenical_altar
D:2:      layout_loops_ring, uniq_terence
D:3:      layout_basic, nicolae_wormholes, uniq_sigmund
D:4:      gammafunk_wand_slinger, layout_basic
D:5:      layout_rooms, minmay_temple_entry_glass, cheibrodos_sewer_entry_sluice
D:6:      layout_basic, serial_shops, nicolae_stop_n_shop_1, st_stairs_13,
          minmay_fractal_squares_diagonal_5, uniq_blork_the_orc
D:7:      layout_rooms, nemelex_diamond_rough_becter
Temple:   eino_temple_lava

Notes
Turn   | Place    | Note
-------+----------+-------------------------------------------
     0 | D:1      | zeratav the Octopode Transmuter began the quest for the
                  | Orb.
     0 | D:1      | Reached XP level 1. HP: 13/13 MP: 3/3
     0 | D:1      | magus.rc [v1.9.6]
   185 | D:1      | Reached XP level 2. HP: 11/18 MP: 3/5
   329 | D:1      | Reached skill level 1 in Stealth
   493 | D:1      | Found a faded altar of an unknown god.
   756 | D:1      | Reached XP level 3. HP: 16/23 MP: 4/6
  1229 | D:2      | Noticed Terence
  1238 | D:2      | HP: 2/23 [Terence/+0 vorpal mace (7)]
  1242 | D:2      | Killed Terence
  1243 | D:2      | Reached skill level 2 in Stealth
  1243 | D:2      | Reached XP level 4. HP: 1/29 MP: 7/7
  1685 | D:2      | You pick up a book of the Senses and begin reading...
  1685 | D:2      | You add the spells Dazzling Flash, Agony and Silence to
                  | your library.
  2432 | D:3      | Reached skill level 4 in Unarmed Combat
  2599 | D:3      | Reached skill level 2 in Fighting
  2953 | D:3      | Reached XP level 5. HP: 24/34 MP: 8/8
  3053 | D:3      | Noticed Sigmund
  3506 | D:4      | Learned a level 3 spell: Spider Form
  3564 | D:4      | Reached skill level 3 in Dodging
  3564 | D:4      | Reached skill level 3 in Stealth
  3581 | D:4      | Reached XP level 6. HP: 41/41 MP: 4/9
  3778 | D:4      | Noticed a black bear
  3792 | D:4      | Killed a black bear
  3793 | D:4      | Reached skill level 5 in Unarmed Combat
  3838 | D:4      | Found a transporter.
  3841 | D:4      | Noticed a kobold demonologist
  3985 | D:4      | Reached skill level 3 in Fighting
  3985 | D:4      | Reached skill level 4 in Stealth
  3985 | D:4      | Reached XP level 7. HP: 16/46 MP: 2/10
  4228 | D:4      | Found a transporter.
  4689 | D:5      | Entered Level 5 of the Dungeon
  4731 | D:5      | Found a glowing drain.
  4806 | Sewer    | Entered a sewer
  4992 | Sewer    | Reached skill level 4 in Dodging
  5308 | Sewer    | Reached skill level 5 in Stealth
  5323 | Sewer    | Reached skill level 6 in Unarmed Combat
  5538 | D:5      | You pick up a book of Frost and begin reading...
  5538 | D:5      | You add the spells Freeze, Frozen Ramparts and Hailstorm to
                  | your library.
  5555 | D:5      | Found a staircase to the Ecumenical Temple.
  5579 | D:5      | Reached XP level 8. HP: 28/54 MP: 8/11
  5722 | Temple   | Entered the Ecumenical Temple
  5783 | Temple   | Became a worshipper of Ashenzari the Shackled
  6087 | D:6      | Found Zoereow's Magic Scroll Shop.
  6107 | D:6      | Reached skill level 4 in Fighting
  6476 | D:6      | You add the spells Gell's Gravitas, Teleport Other and
                  | Dispersal to your library.
  6524 | D:6      | Reached skill level 7 in Unarmed Combat
  6558 | D:6      | magus.rc [v1.9.6]
  6821 | D:6      | Reached skill level 5 in Dodging
  6911 | D:6      | You pick up a book of the Wilderness and begin reading...
  6911 | D:6      | You add the spells Summon Forest, Summon Mana Viper and
                  | Summon Cactus Giant to your library.
  6965 | D:6      | Reached skill level 1 in Ice Magic
  7274 | D:6      | Noticed Blork the orc
  7285 | D:6      | Killed Blork the orc
  7375 | D:6      | Reached XP level 9. HP: 60/60 MP: 9/12
  7687 | D:7      | Reached skill level 2 in Ice Magic
  7914 | D:7      | Reached skill level 5 in Fighting
  7921 | D:7      | Reached skill level 3 in Transmutations
  7951 | D:7      | Noticed a seven-headed hydra
  7954 | D:7      | Reached skill level 8 in Unarmed Combat
  7974 | D:7      | HP: 1/61 [seven-headed hydra (15)]
  7974 | D:7      | Slain by a seven-headed hydra

Vanquished Creatures
  2 black bears
  2 ice beasts
  An ogre (D:6)
  A centaur (D:7)
  3 phantoms
  Blork the orc (D:6)
  A bullfrog (D:5)
  A necrophage (D:4)
  A gnoll sergeant (D:7)
  3 scorpions
  2 jellies
  An orc priest (D:6)
  A gnoll shaman (D:6)
  3 hounds
  5 iguanas
  Terence (D:2)
  An orc wizard (D:6)
  4 gnolls
  9 adders
  4 river rats (Sewer)
  2 shadow imps
  7 worms
  17 orcs
  8 ball pythons
  7 endoplasms
  3 giant cockroaches
  7 goblins
  6 hobgoblins
  3 jackals (Sewer)
  8 kobolds
  6 quokkas
  7 bats
  5 frilled lizards
  8 rats
141 creatures vanquished.

Table legend:
 A = Non-vault XP
 B = Vault XP
 C = Vault XP percentage of total XP
 D = Non-vault monster count
 E = Vault monster count
 F = Vault count percentage of total count
                 A         B        C        D         E       F
            +---------+---------+-------+---------+---------+-------
      Total |    2075 |     574 |  21.7 |     101 |      40 |  28.4
            +---------+---------+-------+---------+---------+-------
        D:1 |      52 |       0 |   0.0 |      25 |       0 |   0.0
        D:2 |      22 |      36 |  62.1 |      10 |       1 |   9.1
        D:3 |      61 |      15 |  19.7 |      14 |       3 |  17.6
        D:4 |     439 |       0 |   0.0 |      15 |       0 |   0.0
        D:5 |     471 |       6 |   1.3 |       8 |       2 |  20.0
        D:6 |     739 |     344 |  31.8 |      22 |       8 |  26.7
        D:7 |     291 |       0 |   0.0 |       7 |       0 |   0.0
      Sewer |       0 |     173 | 100.0 |       0 |      26 | 100.0
            +---------+---------+-------+---------+---------+-------

Illustrated notes

Table legend:
 A = Kills in this place as a percentage of kills in entire the game.
 B = Kills by you in this place as a percentage of kills by you in the entire game.
 C = Kills by friends in this place as a percentage of kills by friends in the entire game.
 D = Other kills in this place as a percentage of other kills in the entire game.
 E = Experience gained in this place as a percentage of experience gained in the entire game.
 F = Experience gained in this place divided by the number of levels of this place that you have seen.
                   A       B       C       D       E      F
               +-------+-------+-------+-------+-------+----------------------
         Total | 100.0 | 100.0 |   N/A |   N/A | 100.0 | 294.3
       Dungeon |  81.6 |  81.6 |   N/A |   N/A |  93.5 | 353.7
         Sewer |  18.4 |  18.4 |   N/A |   N/A |   6.5 | 173.0
               +-------+-------+-------+-------+-------+----------------------

Table legend: (Time is in decaauts)
 A = Elapsed time spent in this place.
 B = Non-inter-level travel time spent in this place.
 C = Inter-level travel time spent in this place.
 D = Time resting spent in this place.
 E = Time spent auto-exploring this place.
 F = Levels seen in this place.
 G = Mean time per level.
                   A        B        C        D        E       F      G
               +--------+--------+--------+--------+--------+-----+--------+
         Total |   7907 |   7237 |    670 |   2149 |   2425 |   9 |  878.6 |
       Dungeon |   7118 |   6461 |    657 |   1912 |   2376 |   7 | 1016.9 |
        Temple |     70 |     57 |     13 |      0 |     49 |   1 |   70.0 |
         Sewer |    717 |    717 |      0 |    237 |      0 |   1 |  717.0 |
               +--------+--------+--------+--------+--------+-----+--------+

Top non-repeatable levels by time:
     D:6: 1654 daAuts
     D:1: 1197 daAuts
     D:4: 1171 daAuts
     D:3: 1139 daAuts
     D:2: 1120 daAuts
   Sewer: 717 daAuts
     D:5: 608 daAuts
     D:7: 228 daAuts
  Temple: 70 daAuts
